Admirals vs Heat
Created - June 10, 2022 at 23:36
Goals
|
| Admirals |
0 |
1 |
1 |
2 |
| Heat |
4 |
1 |
1 |
6 |
|
Shots
|
| Admirals |
7 |
11 |
9 |
27 |
| Heat |
18 |
7 |
10 |
35 |
|
1st period
1. Heat , Kevin Labanc 45 (Victor Rask 52) at 3:57 (PP)
2. Heat , Kevin Labanc 46 (Matthew Nieto 52, Philip Varone 36) at 4:25
3. Heat , Matthew Nieto 44 (Kevin Labanc 65) at 13:20
4. Heat , Peter Cehlarik 12 (Ryan Spooner 29, Barclay Goodrow 10) at 18:46
Penalties :
Mark McNeill (Mil) for Holding (Minor) at 3:36
2nd period
5. Admirals , Brett Connolly 6 (Hunter Shinkaruk 15, Mattias Backman 29) at 2:44
6. Heat , Kevin Labanc 47 (Matthew Nieto 53) at 12:08
Penalties :
Olli Juolevi (Mil) for High sticking (Minor) at 3:26, Nicolas Kerdiles (Mil) for Hooking (Minor) at 13:23, Hunter Shinkaruk (Mil) for Interference (Minor) at 19:24
3rd period
7. Heat , Victor Rask 29 (Matthew Nieto 54, Kevin Labanc 66) at 0:13 (PP)
8. Admirals , Freddie Hamilton 14 (Hunter Shinkaruk 16, Tristan Jarry) at 9:49
Penalties :
Frank Corrado (Sto) for Diving (Minor) at 0:35, Kevin Labanc (Sto) for Holding (Minor) at 4:19, Josh Morrissey (Mil) for Cross-checking (Minor) at 7:20, Mattias Backman (Mil) for Goalie Interference (Minor) at 10:27, Peter Cehlarik (Sto) for Tripping (Minor) at 13:42, Blake Geoffrion (Mil) for High sticking (Minor) at 18:29
Goalie Stats
Tristan Jarry (Mil), 29 saves from 35 shots - (0.829), L, 20-22-6, 60:00 minutes
Michael Hutchinson (Sto), 25 saves from 27 shots - (0.926), W, 32-20-7, 60:00 minutes
Players Stats for Admirals
Player Name G A P +/- PIM S H SB GA TA FO MP PP MP PK MP
------------------------------------------------------------------------------------
Andreas Englund 0 0 0 -1 0 0 1 3 0 2 0/0 20:14 2:37 3:39
Anton Gustafsson 0 0 0 1 0 0 0 0 1 0 9/12 15:33 2:31 1:07
Blake Geoffrion 0 0 0 1 2 3 1 0 1 0 0/0 15:27 2:31 1:02
Brett Connolly 1 0 1 1 0 4 1 0 0 0 0/0 8:42 0:02 0:00
Carl Dahlstrom 0 0 0 -1 0 0 1 0 0 1 0/0 5:33 0:00 1:14
Christian Djoos 0 0 0 1 0 0 1 0 0 2 0/0 9:15 0:00 0:04
Freddie Hamilton 1 0 1 1 0 2 1 0 0 0 1/7 7:49 0:00 0:00
Hunter Shinkaruk 0 2 2 1 2 1 0 0 1 0 0/0 7:53 0:00 0:05
Joel Armia 0 0 0 -3 0 1 4 0 0 0 0/1 17:32 3:24 0:00
Josh Morrissey 0 0 0 -1 2 2 0 1 2 0 0/0 25:01 3:20 5:39
Kasper Bjorkqvist 0 0 0 -1 0 1 0 0 0 0 0/1 10:56 2:31 0:00
Lucas Wallmark 0 0 0 -1 0 0 2 0 0 0 1/6 11:11 0:00 2:42
Mark MacMillan 0 0 0 0 0 0 0 0 0 0 0/0 0:53 0:02 0:00
Mark McNeill 0 0 0 1 2 0 0 0 0 0 0/2 14:35 0:00 2:42
Markus Granlund 0 0 0 -3 0 0 3 2 0 1 20/44 24:34 3:24 6:47
Mattias Backman 0 1 1 0 2 2 0 0 0 1 0/0 8:45 0:00 0:00
Nicolas Deslauriers 0 0 0 -1 0 1 0 0 0 0 0/1 15:26 0:00 6:47
Nicolas Kerdiles 0 0 0 -3 2 5 1 2 1 0 0/1 17:42 3:24 0:00
Olli Juolevi 0 0 0 -1 2 0 0 0 0 0 0/0 4:23 0:00 0:00
Riley Barber 0 0 0 0 0 0 0 0 0 0 0/0 0:53 0:02 0:00
T.J Brodie 0 0 0 0 0 3 4 6 0 2 0/0 26:46 3:20 6:57
Travis Dermott 0 0 0 -1 0 2 0 2 0 0 0/0 20:14 2:37 3:39
Players Stats for Heat
Player Name G A P +/- PIM S H SB GA TA FO MP PP MP PK MP
------------------------------------------------------------------------------------
Barclay Goodrow 0 1 1 1 0 1 1 0 0 0 0/0 10:14 0:00 0:00
Dominik Masin 0 0 0 1 0 0 2 0 0 0 0/0 20:06 4:08 2:42
Eric Karlsson 0 0 0 -1 0 1 0 0 0 0 0/0 6:12 0:00 1:22
Evgeny Svechnikov 0 0 0 0 0 4 1 0 0 0 0/0 18:11 4:16 1:20
Frank Corrado 0 0 0 0 2 0 2 2 0 1 0/0 28:49 6:28 2:11
Jake DeBrusk 0 0 0 0 0 0 1 0 0 0 0/0 20:11 4:16 3:15
Jesper Bratt 0 0 0 -1 0 0 0 0 1 0 0/0 4:50 0:00 0:00
John Gilmour 0 0 0 1 0 0 0 0 0 1 0/0 10:39 0:00 0:48
Kevin Labanc 3 2 5 2 2 9 3 1 1 0 0/2 22:12 6:20 0:00
Mathieu Brodeur 0 0 0 1 0 0 1 1 0 0 0/0 20:26 4:08 2:51
Matthew Nieto 1 3 4 2 0 5 3 0 1 0 1/2 21:22 6:20 0:00
Nico Sturm 0 0 0 -1 0 0 1 1 0 0 0/0 6:56 0:00 1:20
Peter Cehlarik 1 0 1 1 2 4 2 0 0 1 0/2 11:02 0:00 0:54
Petteri Lindbohm 0 0 0 1 0 1 0 0 1 0 0/0 10:35 0:00 0:00
Philip Varone 0 1 1 2 0 4 1 0 2 0 18/32 23:19 4:16 3:15
Ryan Spooner 0 1 1 1 0 1 1 0 0 1 7/8 10:37 0:00 0:28
Trevor Carrick 0 0 0 0 0 4 2 1 2 2 0/0 30:05 6:28 3:22
Victor Rask 1 1 2 0 0 1 0 0 1 0 18/29 18:14 6:20 0:00
3 Stars
1 - Kevin Labanc (Sto)
2 - Matthew Nieto (Sto)
3 - Victor Rask (Sto)
Power Play
Admirals - 0 on 3 Attempt(s) - 0.00%
Heat - 2 on 7 Attempt(s) - 28.57%
Penalty Kill
Admirals - 5 on 7 Attempt(s) - 71.43%
- Score 0 goal in Penalty Kill
Heat - 3 on 3 Attempt(s) - 100.00%
- Score 0 goal in Penalty Kill
Team Stat
Admirals - Hits : 20 - Faceoff Wins : 31 - Blocked Shots : 16 - Penalty Minutes : 14
Heat - Hits : 21 - Faceoff Wins : 44 - Blocked Shots : 6 - Penalty Minutes : 6
Official
Referees : TJ Luxmore and Gord Dwyer
Linesman : Matt MacPherson and Bevan Mills
Game Notes
Kevin Labanc has scored a Hat Trick!
Finance
Level 1 -- Attendance: 1685 (84.25%) -- Ticket Income $58,975
Level 2 -- Attendance: 924 (92.40%) -- Ticket Income $13,860
Total Attendance: 2609 (86.97%)
Total Ticket Income: $72,835
Other Income: $3,642
Total Income: $76,477
Admirals
5 vs 5 Forward
Center Left Wing Right Wing Time % Phy DF OF
1 Markus Granlund Nicolas Kerdiles Joel Armia 40 1 2 2
2 Anton Gustafsson Blake Geoffrion Mark McNeill 30 1 2 2
3 Lucas Wallmark Nicolas Deslauriers Kasper Bjorkqvist 20 1 2 2
4 Freddie Hamilton Hunter Shinkaruk Brett Connolly 10 1 2 2
5 vs 5 Defense
Defense Defense Time % Phy DF OF
1 Josh Morrissey T.J Brodie 40 1 2 2
2 Andreas Englund Travis Dermott 30 1 2 2
3 Christian Djoos Mattias Backman 20 1 2 2
4 Carl Dahlstrom Olli Juolevi 10 1 2 2
PowerPlay Forward
Center Left Wing Right Wing Time % Phy DF OF
1 Markus Granlund Nicolas Kerdiles Joel Armia 60 1 2 2
2 Anton Gustafsson Blake Geoffrion Kasper Bjorkqvist 40 1 2 2
PowerPlay Defense
Defense Defense Time % Phy DF OF
1 Josh Morrissey T.J Brodie 60 1 2 2
2 Andreas Englund Travis Dermott 40 1 2 2
Penalty Kill 4 Players Forward
Center Wing Time % Phy DF OF
1 Markus Granlund Nicolas Deslauriers 60 1 2 2
2 Lucas Wallmark Mark McNeill 40 1 2 2
Penalty Kill 4 Players Defense
Defense Defense Time % Phy DF OF
1 Josh Morrissey T.J Brodie 60 1 2 2
2 Andreas Englund Travis Dermott 40 1 2 2
Penalty Kill - 3 Players Forward
Forward Time % Phy DF OF
1 Mark McNeill 60 1 2 2
2 Nicolas Deslauriers 40 1 2 2
Penalty Kill - 3 Players Defense
Defense Defense Time % Phy DF OF
1 Josh Morrissey T.J Brodie 60 1 2 2
2 Andreas Englund Travis Dermott 40 1 2 2
4 vs 4 Forward
Center Wing Time % Phy DF OF
1 Markus Granlund Nicolas Kerdiles 60 1 2 2
2 Anton Gustafsson Joel Armia 40 1 2 2
4 vs 4 Defense
Defense Defense Time % Phy DF OF
1 Josh Morrissey T.J Brodie 60 1 2 2
2 Andreas Englund Travis Dermott 40 1 2 2
Last Minutes Offensive
Center Left Wing Right Wing Defense Defense
Anton Gustafsson Nicolas Kerdiles Joel Armia Josh Morrissey T.J Brodie
Last Minutes Defensive
Center Left Wing Right Wing Defense Defense
Anton Gustafsson Nicolas Kerdiles Mark McNeill Josh Morrissey Andreas Englund
Goaltenders
Starting : Tristan Jarry
Backup : Felix Sanstrom
Extra Forwards
Normal : Riley Barber, Mark MacMillan, Nicolas Deslauriers - PP : Riley Barber, Mark MacMillan - PK : Nicolas Deslauriers
Extra Defensemen
Normal : Olli Juolevi, Mattias Backman, Christian Djoos - PP : Olli Juolevi - PK : Carl Dahlstrom, Christian Djoos
Penalty Shots
Anton Gustafsson, Markus Granlund, Nicolas Kerdiles, Joel Armia, Blake Geoffrion
Scratches
Adam Almquist (Healthy), Alexandre Mallet (Healthy), Chris Lawrence (Healthy), Filip Chlapik (Healthy), Josh Wesley (Healthy)
Ryan Olsen (Healthy), Sergei Zborovskiy (Healthy), Stanislav Galiev (Healthy), Trevor Van Riemsdyk (Healthy), Troy Bourke (Healthy)
Carsen Twarynski (Healthy), Libor Hajek (Healthy), Linus Ullmark (Healthy)
Heat
5 vs 5 Forward
Center Left Wing Right Wing Time % Phy DF OF
1 Philip Varone Matthew Nieto Kevin Labanc 40 1 2 2
2 Victor Rask Jake DeBrusk Evgeny Svechnikov 30 1 2 2
3 Ryan Spooner Peter Cehlarik Barclay Goodrow 20 1 2 2
4 Nico Sturm Jesper Bratt Eric Karlsson 10 1 2 2
5 vs 5 Defense
Defense Defense Time % Phy DF OF
1 Frank Corrado Trevor Carrick 40 1 2 2
2 Dominik Masin Mathieu Brodeur 30 1 2 2
3 John Gilmour Petteri Lindbohm 20 1 2 2
4 Frank Corrado Trevor Carrick 10 1 2 2
PowerPlay Forward
Center Left Wing Right Wing Time % Phy DF OF
1 Victor Rask Matthew Nieto Kevin Labanc 60 1 2 2
2 Philip Varone Jake DeBrusk Evgeny Svechnikov 40 1 2 2
PowerPlay Defense
Defense Defense Time % Phy DF OF
1 Frank Corrado Trevor Carrick 60 1 2 2
2 Dominik Masin Mathieu Brodeur 40 1 2 2
Penalty Kill 4 Players Forward
Center Wing Time % Phy DF OF
1 Philip Varone Jake DeBrusk 60 1 2 2
2 Nico Sturm Evgeny Svechnikov 40 1 2 2
Penalty Kill 4 Players Defense
Defense Defense Time % Phy DF OF
1 Frank Corrado Trevor Carrick 60 1 2 2
2 Dominik Masin Mathieu Brodeur 40 1 2 2
Penalty Kill - 3 Players Forward
Forward Time % Phy DF OF
1 Matthew Nieto 60 1 2 2
2 Kevin Labanc 40 1 2 2
Penalty Kill - 3 Players Defense
Defense Defense Time % Phy DF OF
1 Frank Corrado Trevor Carrick 60 1 2 2
2 Dominik Masin Mathieu Brodeur 40 1 2 2
4 vs 4 Forward
Center Wing Time % Phy DF OF
1 Victor Rask Matthew Nieto 60 1 2 2
2 Philip Varone Kevin Labanc 40 1 2 2
4 vs 4 Defense
Defense Defense Time % Phy DF OF
1 Frank Corrado Trevor Carrick 60 1 2 2
2 Dominik Masin Mathieu Brodeur 40 1 2 2
Last Minutes Offensive
Center Left Wing Right Wing Defense Defense
Philip Varone Matthew Nieto Kevin Labanc Frank Corrado Trevor Carrick
Last Minutes Defensive
Center Left Wing Right Wing Defense Defense
Philip Varone Matthew Nieto Kevin Labanc Dominik Masin Mathieu Brodeur
Goaltenders
Starting : Michael Hutchinson
Backup : Nathan Lieuwen
Extra Forwards
Normal : Ryan Spooner, Nico Sturm, Peter Cehlarik - PP : Ryan Spooner, Nico Sturm - PK : Peter Cehlarik
Extra Defensemen
Normal : John Gilmour, Mathieu Brodeur, Dominik Masin - PP : John Gilmour - PK : Mathieu Brodeur, Dominik Masin
Penalty Shots
Matthew Nieto, Jake DeBrusk, Kevin Labanc, Evgeny Svechnikov, Victor Rask
Scratches
Alexander True (Healthy), Brandon Hickey (Healthy), Chris Brown (Healthy), Christian Jaros (Healthy), Greg Pateryn (Bruised Left Shoulder Injury)
Rasmus Andersson (Healthy), Ryan Donato (Healthy), Vladislav Kamenev (Healthy), Tage Thompson (Healthy), Radim Zohorna (Healthy)
Vitek Vanecek (Healthy), Collin Delia (Healthy)
% Time on Ice - Admirals
Lines # - Real PCT - Wanted PCT - Time Play
Normal Forward
1 - 35% - 40% - 15:19
2 - 27% - 30% - 11:55
3 - 19% - 20% - 8:24
4 - 18% - 10% - 7:49
Normal Defense
1 - 38% - 40% - 16:29
2 - 32% - 30% - 13:58
3 - 20% - 20% - 8:41
4 - 10% - 10% - 4:19
PP Forward
1 - 58% - 60% - 3:26
2 - 42% - 40% - 2:31
PP Defense
1 - 56% - 60% - 3:20
2 - 44% - 40% - 2:37
PK Forward
1 - 75% - 60% - 7:54
2 - 25% - 40% - 2:42
PK Defense
1 - 66% - 60% - 6:57
2 - 34% - 40% - 3:39
PK3 Forward
1 - 0% - 60%
2 - 0% - 40%
PK3 Defense
1 - 0% - 60%
2 - 0% - 40%
44 Forward
1 - 0% - 60%
2 - 0% - 40%
44 Defense
1 - 0% - 60%
2 - 0% - 40%
Last Minute Offensive - 0:00
Last Minute Defensive - 0:00
Total
Forward - 60:00
Defense - 60:00
|
% Time on Ice - Heat
Lines # - Real PCT - Wanted PCT - Time Play
Normal Forward
1 - 37% - 40% - 15:53
2 - 29% - 30% - 12:35
3 - 23% - 20% - 10:09
4 - 11% - 10% - 4:50
Normal Defense
1 - 40% - 40% - 17:33
2 - 31% - 30% - 13:16
3 - 24% - 20% - 10:35
4 - 5% - 10% - 2:03
PP Forward
1 - 60% - 60% - 6:20
2 - 40% - 40% - 4:16
PP Defense
1 - 61% - 60% - 6:28
2 - 39% - 40% - 4:08
PK Forward
1 - 78% - 60% - 4:37
2 - 22% - 40% - 1:20
PK Defense
1 - 70% - 60% - 4:10
2 - 30% - 40% - 1:47
PK3 Forward
1 - 0% - 60%
2 - 0% - 40%
PK3 Defense
1 - 0% - 60%
2 - 0% - 40%
44 Forward
1 - 0% - 60%
2 - 0% - 40%
44 Defense
1 - 0% - 60%
2 - 0% - 40%
Last Minute Offensive - 0:00
Last Minute Defensive - 0:00
Total
Forward - 60:00
Defense - 60:00
|
Play-by-Play
1st period
0:01 of 1st period - Markus Granlund wins face-off versus Philip Varone in neutral zone.
0:08 of 1st period - Wrist shot by Nicolas Kerdiles.
0:08 of 1st period - Stopped by Michael Hutchinson without a rebound.
0:09 of 1st period - Philip Varone wins face-off versus Markus Granlund in Heat zone.
0:28 of 1st period - Snap shot by Matthew Nieto.
0:28 of 1st period - Shot Misses the Net.
0:47 of 1st period - Slapshot by Nicolas Kerdiles.
0:47 of 1st period - Shot Misses the Net.
1:03 of 1st period - Snap shot by Matthew Nieto.
1:03 of 1st period - Deflect By Philip Varone.
1:03 of 1st period - Shot Blocked by Markus Granlund.
1:03 of 1st period - Puck is out of play.
1:04 of 1st period - Anton Gustafsson wins face-off versus Victor Rask in Admirals zone.
1:04 of 1st period - Anton Gustafsson is hit by Jake DeBrusk.
1:55 of 1st period - Snap shot by Hunter Shinkaruk.
1:55 of 1st period - Deflect By Brett Connolly.
1:55 of 1st period - Shot Blocked by Nico Sturm.
1:55 of 1st period - Puck is out of play.
1:56 of 1st period - Victor Rask wins face-off versus Anton Gustafsson in Heat zone.
2:31 of 1st period - Wrist shot by Nicolas Deslauriers.
2:31 of 1st period - Shot Misses the Net.
3:14 of 1st period - Off-side.
3:15 of 1st period - Victor Rask wins face-off versus Anton Gustafsson in neutral zone.
3:36 of 1st period - Minor Penalty to Mark McNeill for Holding.
3:37 of 1st period - Markus Granlund wins face-off versus Victor Rask in Admirals zone.
3:47 of 1st period - Off-side.
3:48 of 1st period - Victor Rask wins face-off versus Markus Granlund in neutral zone.
3:57 of 1st period - Wrist shot by Kevin Labanc.
3:57 of 1st period - Goal by Kevin Labanc - Admirals : 0 - Heat : 1.
3:58 of 1st period - Markus Granlund wins face-off versus Victor Rask in neutral zone.
4:09 of 1st period - Wrist shot by Evgeny Svechnikov.
4:09 of 1st period - Stopped by Tristan Jarry without a rebound.
4:10 of 1st period - Philip Varone wins face-off versus Lucas Wallmark in Admirals zone.
4:17 of 1st period - Slapshot by Matthew Nieto.
4:17 of 1st period - Stopped by Tristan Jarry with a rebound.
4:19 of 1st period - Snap shot by Trevor Carrick.
4:19 of 1st period - Deflect By Philip Varone.
4:19 of 1st period - Shot Misses the Net.
4:19 of 1st period - Puck is out of play.
4:20 of 1st period - Philip Varone wins face-off versus Lucas Wallmark in Admirals zone.
4:23 of 1st period - Wrist shot by Philip Varone.
4:23 of 1st period - Shot Misses the Net.
4:25 of 1st period - Wrist shot by Matthew Nieto.
4:25 of 1st period - Deflect By Kevin Labanc.
4:25 of 1st period - Goal by Kevin Labanc - Admirals : 0 - Heat : 2.
4:26 of 1st period - Ryan Spooner wins face-off versus Markus Granlund in neutral zone.
4:57 of 1st period - Anton Gustafsson is hit by Mathieu Brodeur.
5:21 of 1st period - Wrist shot by Kevin Labanc.
5:21 of 1st period - Stopped by Tristan Jarry without a rebound.
5:22 of 1st period - Victor Rask wins face-off versus Markus Granlund in Admirals zone.
5:37 of 1st period - Snap shot by Evgeny Svechnikov.
5:37 of 1st period - Shot Misses the Net.
5:44 of 1st period - Icing by Christian Djoos.
5:45 of 1st period - Anton Gustafsson wins face-off versus Philip Varone in Admirals zone.
5:45 of 1st period - Anton Gustafsson is hit by Matthew Nieto.
5:51 of 1st period - Slapshot by Mark McNeill.
5:51 of 1st period - Shot Misses the Net.
6:01 of 1st period - Wrist shot by Anton Gustafsson.
6:01 of 1st period - Shot Hit the Post.
6:13 of 1st period - Snap shot by Blake Geoffrion.
6:13 of 1st period - Stopped by Michael Hutchinson without a rebound.
6:14 of 1st period - Markus Granlund wins face-off versus Ryan Spooner in Heat zone.
6:15 of 1st period - Snap shot by Nicolas Kerdiles.
6:15 of 1st period - Stopped by Michael Hutchinson without a rebound.
6:16 of 1st period - Markus Granlund wins face-off versus Peter Cehlarik in Heat zone.
6:35 of 1st period - Josh Morrissey is hit by Ryan Spooner and loses puck.
7:35 of 1st period - Snap shot by Ryan Spooner.
7:35 of 1st period - Stopped by Tristan Jarry without a rebound.
7:36 of 1st period - Philip Varone wins face-off versus Anton Gustafsson in Admirals zone.
8:14 of 1st period - Snap shot by Kasper Bjorkqvist.
8:14 of 1st period - Shot Misses the Net.
8:16 of 1st period - Snap shot by Carl Dahlstrom.
8:16 of 1st period - Shot Misses the Net.
8:44 of 1st period - Slapshot by Victor Rask.
8:44 of 1st period - Deflect By Evgeny Svechnikov.
8:44 of 1st period - Stopped by Tristan Jarry without a rebound.
8:45 of 1st period - Anton Gustafsson wins face-off versus Kevin Labanc in Admirals zone.
8:51 of 1st period - Off-side.
8:52 of 1st period - Philip Varone wins face-off versus Nicolas Deslauriers in neutral zone.
9:01 of 1st period - Snap shot by Philip Varone.
9:01 of 1st period - Deflect By Travis Dermott.
9:01 of 1st period - Shot Misses the Net.
9:01 of 1st period - Puck is out of play.
9:02 of 1st period - Lucas Wallmark wins face-off versus Philip Varone in Admirals zone.
9:27 of 1st period - Dominik Masin is hit by T.J Brodie and loses puck.
9:36 of 1st period - Snap shot by Trevor Carrick.
9:36 of 1st period - Stopped by Tristan Jarry with a rebound.
9:44 of 1st period - Victor Rask is hit by T.J Brodie and loses puck.
10:38 of 1st period - Wrist shot by Jake DeBrusk.
10:38 of 1st period - Shot Blocked by T.J Brodie.
10:40 of 1st period - Snap shot by Frank Corrado.
10:40 of 1st period - Shot Blocked by Josh Morrissey.
10:42 of 1st period - Wrist shot by Victor Rask.
10:42 of 1st period - Shot Blocked by T.J Brodie.
10:44 of 1st period - Slapshot by Trevor Carrick.
10:44 of 1st period - Stopped by Tristan Jarry with a rebound.
10:46 of 1st period - Snap shot by Victor Rask.
10:46 of 1st period - Shot Misses the Net.
10:52 of 1st period - Snap shot by Evgeny Svechnikov.
10:52 of 1st period - Stopped by Tristan Jarry with a rebound.
11:08 of 1st period - Snap shot by Kasper Bjorkqvist.
11:08 of 1st period - Stopped by Michael Hutchinson without a rebound.
11:09 of 1st period - Philip Varone wins face-off versus Markus Granlund in Heat zone.
11:20 of 1st period - Slapshot by Travis Dermott.
11:20 of 1st period - Shot Misses the Net.
11:22 of 1st period - Wrist shot by Joel Armia.
11:22 of 1st period - Shot Blocked by Kevin Labanc.
11:24 of 1st period - Snap shot by Markus Granlund.
11:24 of 1st period - Shot Misses the Net.
12:49 of 1st period - Brett Connolly is hit by Barclay Goodrow and loses puck.
13:20 of 1st period - Slapshot by Matthew Nieto.
13:20 of 1st period - Goal by Matthew Nieto - Admirals : 0 - Heat : 3.
13:21 of 1st period - Philip Varone wins face-off versus Nicolas Kerdiles in neutral zone.
13:53 of 1st period - Slapshot by Mark McNeill.
13:53 of 1st period - Shot Blocked by Trevor Carrick.
13:55 of 1st period - Snap shot by Anton Gustafsson.
13:55 of 1st period - Shot Misses the Net.
14:29 of 1st period - Wrist shot by Barclay Goodrow.
14:29 of 1st period - Deflect By Ryan Spooner.
14:29 of 1st period - Shot Blocked by Nicolas Kerdiles.
14:29 of 1st period - Puck is out of play.
14:30 of 1st period - Ryan Spooner wins face-off versus Markus Granlund in Admirals zone.
14:39 of 1st period - Wrist shot by Peter Cehlarik.
14:39 of 1st period - Shot Blocked by Andreas Englund.
14:41 of 1st period - Slapshot by Petteri Lindbohm.
14:41 of 1st period - Stopped by Tristan Jarry with a rebound.
14:43 of 1st period - Snap shot by Barclay Goodrow.
14:43 of 1st period - Shot Blocked by Travis Dermott.
14:51 of 1st period - Snap shot by Ryan Spooner.
14:51 of 1st period - Shot Misses the Net.
14:53 of 1st period - Slapshot by John Gilmour.
14:53 of 1st period - Shot Blocked by Andreas Englund.
14:55 of 1st period - Snap shot by Barclay Goodrow.
14:55 of 1st period - Shot Blocked by Markus Granlund.
14:57 of 1st period - Wrist shot by Barclay Goodrow.
14:57 of 1st period - Stopped by Tristan Jarry without a rebound.
14:58 of 1st period - Philip Varone wins face-off versus Mark McNeill in Admirals zone.
15:01 of 1st period - Wrist shot by Matthew Nieto.
15:01 of 1st period - Deflect By Kevin Labanc.
15:01 of 1st period - Stopped by Tristan Jarry with a rebound.
15:13 of 1st period - Snap shot by Kevin Labanc.
15:13 of 1st period - Shot Misses the Net.
15:31 of 1st period - Snap shot by Brett Connolly.
15:31 of 1st period - Stopped by Michael Hutchinson with a rebound.
15:49 of 1st period - Snap shot by Nicolas Kerdiles.
15:49 of 1st period - Deflect By Mathieu Brodeur.
15:49 of 1st period - Stopped by Michael Hutchinson without a rebound.
15:50 of 1st period - Markus Granlund wins face-off versus Matthew Nieto in Heat zone.
16:17 of 1st period - Frank Corrado is hit by Andreas Englund and loses puck.
16:48 of 1st period - Snap shot by Brett Connolly.
16:48 of 1st period - Shot Misses the Net.
17:08 of 1st period - Snap shot by Nicolas Deslauriers.
17:08 of 1st period - Shot Misses the Net.
17:10 of 1st period - Slapshot by T.J Brodie.
17:10 of 1st period - Stopped by Michael Hutchinson without a rebound.
17:11 of 1st period - Markus Granlund wins face-off versus Victor Rask in Heat zone.
17:12 of 1st period - Snap shot by Joel Armia.
17:12 of 1st period - Shot Hit the Post.
18:03 of 1st period - Wrist shot by Barclay Goodrow.
18:03 of 1st period - Deflect By Peter Cehlarik.
18:03 of 1st period - Stopped by Tristan Jarry without a rebound.
18:04 of 1st period - Ryan Spooner wins face-off versus Markus Granlund in Admirals zone.
18:27 of 1st period - T.J Brodie is hit by Dominik Masin and loses puck.
18:44 of 1st period - Wrist shot by Peter Cehlarik.
18:44 of 1st period - Stopped by Tristan Jarry with a rebound.
18:46 of 1st period - Snap shot by Ryan Spooner.
18:46 of 1st period - Deflect By Peter Cehlarik.
18:46 of 1st period - Goal by Peter Cehlarik - Admirals : 0 - Heat : 4.
18:47 of 1st period - Anton Gustafsson wins face-off versus Philip Varone in neutral zone.
18:58 of 1st period - Slapshot by Anton Gustafsson.
18:58 of 1st period - Shot Misses the Net.
19:08 of 1st period - Josh Morrissey is hit by Matthew Nieto.
19:18 of 1st period - Kevin Labanc is hit by Joel Armia and loses puck.
19:36 of 1st period - Slapshot by Philip Varone.
19:36 of 1st period - Deflect By Kevin Labanc.
19:36 of 1st period - Stopped by Tristan Jarry without a rebound.
19:37 of 1st period - Victor Rask wins face-off versus Lucas Wallmark in Admirals zone.
Goals for this period are 0 for Admirals vs 4 for Heat.
Shots for this period are 7 for Admirals vs 18 for Heat.
2nd period
0:01 of 2nd period - Anton Gustafsson wins face-off versus Kevin Labanc in neutral zone.
1:03 of 2nd period - Snap shot by Brett Connolly.
1:03 of 2nd period - Stopped by Michael Hutchinson without a rebound.
1:04 of 2nd period - Philip Varone wins face-off versus Lucas Wallmark in Heat zone.
2:18 of 2nd period - Icing by Christian Djoos.
2:19 of 2nd period - Philip Varone wins face-off versus Freddie Hamilton in Admirals zone.
2:34 of 2nd period - Snap shot by Freddie Hamilton.
2:34 of 2nd period - Stopped by Michael Hutchinson with a rebound.
2:36 of 2nd period - Backhand shot by Hunter Shinkaruk.
2:36 of 2nd period - Shot Blocked by Frank Corrado.
2:38 of 2nd period - Snap shot by Mattias Backman.
2:38 of 2nd period - Stopped by Michael Hutchinson with a rebound.
2:40 of 2nd period - Snap shot by Mattias Backman.
2:40 of 2nd period - Shot Blocked by Frank Corrado.
2:42 of 2nd period - Snap shot by Hunter Shinkaruk.
2:42 of 2nd period - Stopped by Michael Hutchinson with a rebound.
2:44 of 2nd period - Snap shot by Brett Connolly.
2:44 of 2nd period - Goal by Brett Connolly - Admirals : 1 - Heat : 4.
2:45 of 2nd period - Markus Granlund wins face-off versus Philip Varone in neutral zone.
3:26 of 2nd period - Minor Penalty to Olli Juolevi for High sticking.
3:27 of 2nd period - Victor Rask wins face-off versus Markus Granlund in Admirals zone.
3:32 of 2nd period - Wrist shot by Kevin Labanc.
3:32 of 2nd period - Deflect By Nicolas Deslauriers.
3:32 of 2nd period - Stopped by Tristan Jarry without a rebound.
3:33 of 2nd period - Victor Rask wins face-off versus Markus Granlund in Admirals zone.
3:44 of 2nd period - Wrist shot by Kevin Labanc.
3:44 of 2nd period - Stopped by Tristan Jarry with a rebound.
4:03 of 2nd period - Off-side.
4:04 of 2nd period - Victor Rask wins face-off versus Markus Granlund in neutral zone.
4:09 of 2nd period - Snap shot by Kevin Labanc.
4:09 of 2nd period - Shot Misses the Net.
4:11 of 2nd period - Slapshot by Dominik Masin.
4:11 of 2nd period - Shot Blocked by Travis Dermott.
4:13 of 2nd period - Wrist shot by Dominik Masin.
4:13 of 2nd period - Shot Misses the Net.
5:13 of 2nd period - Wrist shot by Blake Geoffrion.
5:13 of 2nd period - Stopped by Michael Hutchinson with a rebound.
5:15 of 2nd period - Snap shot by Josh Morrissey.
5:15 of 2nd period - Stopped by Michael Hutchinson without a rebound.
5:16 of 2nd period - Anton Gustafsson wins face-off versus Victor Rask in Heat zone.
5:25 of 2nd period - Blake Geoffrion is hit by Kevin Labanc and loses puck.
5:26 of 2nd period - Penalty to Olli Juolevi is over, Olli Juolevi is back on ice.
5:41 of 2nd period - Snap shot by Nico Sturm.
5:41 of 2nd period - Shot Misses the Net.
5:43 of 2nd period - Snap shot by Mathieu Brodeur.
5:43 of 2nd period - Deflect By Jesper Bratt.
5:43 of 2nd period - Shot Misses the Net.
5:43 of 2nd period - Puck is out of play.
5:44 of 2nd period - Philip Varone wins face-off versus Mark McNeill in Admirals zone.
5:55 of 2nd period - Wrist shot by Philip Varone.
5:55 of 2nd period - Stopped by Tristan Jarry with a rebound.
6:15 of 2nd period - Snap shot by Markus Granlund.
6:15 of 2nd period - Shot Misses the Net.
6:31 of 2nd period - Wrist shot by Peter Cehlarik.
6:31 of 2nd period - Shot Blocked by T.J Brodie.
7:38 of 2nd period - Victor Rask is hit by Markus Granlund and loses puck.
7:45 of 2nd period - Wrist shot by Joel Armia.
7:45 of 2nd period - Shot Misses the Net.
7:47 of 2nd period - Snap shot by Markus Granlund.
7:47 of 2nd period - Deflect By Nicolas Kerdiles.
7:47 of 2nd period - Stopped by Michael Hutchinson with a rebound.
7:49 of 2nd period - Wrist shot by Joel Armia.
7:49 of 2nd period - Shot Misses the Net.
8:26 of 2nd period - Kevin Labanc is hit by Christian Djoos and loses puck.
8:33 of 2nd period - Slapshot by Freddie Hamilton.
8:33 of 2nd period - Deflect By Matthew Nieto.
8:33 of 2nd period - Shot Misses the Net.
8:33 of 2nd period - Puck is out of play.
8:34 of 2nd period - Victor Rask wins face-off versus Markus Granlund in Heat zone.
8:59 of 2nd period - Philip Varone is hit by Blake Geoffrion and loses puck.
9:55 of 2nd period - Nicolas Kerdiles is hit by Evgeny Svechnikov and loses puck.
10:02 of 2nd period - Slapshot by Jake DeBrusk.
10:02 of 2nd period - Deflect By Travis Dermott.
10:02 of 2nd period - Shot Blocked by Nicolas Kerdiles.
10:02 of 2nd period - Puck is out of play.
10:03 of 2nd period - Markus Granlund wins face-off versus Philip Varone in Admirals zone.
10:33 of 2nd period - Off-side.
10:34 of 2nd period - Anton Gustafsson wins face-off versus Philip Varone in neutral zone.
10:47 of 2nd period - Wrist shot by Matthew Nieto.
10:47 of 2nd period - Shot Misses the Net.
10:59 of 2nd period - Dominik Masin is hit by Markus Granlund and loses puck.
11:58 of 2nd period - Philip Varone is hit by Markus Granlund.
12:08 of 2nd period - Snap shot by Kevin Labanc.
12:08 of 2nd period - Goal by Kevin Labanc - Admirals : 1 - Heat : 5.
12:09 of 2nd period - Philip Varone wins face-off versus Markus Granlund in neutral zone.
12:36 of 2nd period - Icing by Anton Gustafsson.
12:37 of 2nd period - Anton Gustafsson wins face-off versus Victor Rask in Admirals zone.
13:09 of 2nd period - Wrist shot by Blake Geoffrion.
13:09 of 2nd period - Stopped by Michael Hutchinson without a rebound.
13:10 of 2nd period - Markus Granlund wins face-off versus Victor Rask in Heat zone.
13:11 of 2nd period - Snap shot by Nicolas Kerdiles.
13:11 of 2nd period - Deflect By Frank Corrado.
13:11 of 2nd period - Shot Misses the Net.
13:11 of 2nd period - Puck is out of play.
13:12 of 2nd period - Victor Rask wins face-off versus Markus Granlund in Heat zone.
13:14 of 2nd period - Icing by Trevor Carrick.
13:15 of 2nd period - Victor Rask wins face-off versus Joel Armia in Heat zone.
13:20 of 2nd period - Snap shot by Frank Corrado.
13:20 of 2nd period - Deflect By Jake DeBrusk.
13:20 of 2nd period - Shot Misses the Net.
13:20 of 2nd period - Puck is out of play.
13:21 of 2nd period - Markus Granlund wins face-off versus Philip Varone in Admirals zone.
13:23 of 2nd period - Minor Penalty to Nicolas Kerdiles for Hooking.
13:24 of 2nd period - Victor Rask wins face-off versus Markus Granlund in Admirals zone.
13:26 of 2nd period - Backhand shot by Matthew Nieto.
13:26 of 2nd period - Stopped by Tristan Jarry with a rebound.
14:01 of 2nd period - Wrist shot by Philip Varone.
14:01 of 2nd period - Stopped by Tristan Jarry with a rebound.
15:09 of 2nd period - Dominik Masin is hit by T.J Brodie and loses puck.
15:23 of 2nd period - Penalty to Nicolas Kerdiles is over, Nicolas Kerdiles is back on ice.
15:29 of 2nd period - Wrist shot by Nicolas Kerdiles.
15:29 of 2nd period - Shot Blocked by Mathieu Brodeur.
15:31 of 2nd period - Wrist shot by Nicolas Deslauriers.
15:31 of 2nd period - Stopped by Michael Hutchinson with a rebound.
15:33 of 2nd period - Slapshot by Travis Dermott.
15:33 of 2nd period - Stopped by Michael Hutchinson without a rebound.
15:34 of 2nd period - Ryan Spooner wins face-off versus Freddie Hamilton in Heat zone.
15:34 of 2nd period - Ryan Spooner is hit by Brett Connolly.
15:42 of 2nd period - Brett Connolly is hit by Peter Cehlarik.
15:56 of 2nd period - Backhand shot by Peter Cehlarik.
15:56 of 2nd period - Shot Misses the Net.
16:04 of 2nd period - Snap shot by Anton Gustafsson.
16:04 of 2nd period - Shot Misses the Net.
16:06 of 2nd period - Snap shot by Anton Gustafsson.
16:06 of 2nd period - Deflect By Mark McNeill.
16:06 of 2nd period - Shot Misses the Net.
16:06 of 2nd period - Puck is out of play.
16:07 of 2nd period - Anton Gustafsson wins face-off versus Philip Varone in Heat zone.
17:25 of 2nd period - Off-side.
17:26 of 2nd period - Victor Rask wins face-off versus Markus Granlund in neutral zone.
17:52 of 2nd period - Carl Dahlstrom is hit by Matthew Nieto and loses puck.
18:16 of 2nd period - Snap shot by Barclay Goodrow.
18:16 of 2nd period - Shot Misses the Net.
18:18 of 2nd period - Slapshot by Frank Corrado.
18:18 of 2nd period - Shot Blocked by T.J Brodie.
18:20 of 2nd period - Slapshot by Trevor Carrick.
18:20 of 2nd period - Stopped by Tristan Jarry without a rebound.
18:21 of 2nd period - Markus Granlund wins face-off versus Victor Rask in Admirals zone.
19:09 of 2nd period - Off-side.
19:10 of 2nd period - Victor Rask wins face-off versus Freddie Hamilton in neutral zone.
19:24 of 2nd period - Minor Penalty to Hunter Shinkaruk for Interference.
19:25 of 2nd period - Victor Rask wins face-off versus Markus Granlund in Admirals zone.
Goals for this period are 1 for Admirals vs 1 for Heat.
Shots for this period are 11 for Admirals vs 7 for Heat.
3rd period
0:01 of 3rd period - Victor Rask wins face-off versus Markus Granlund in neutral zone.
0:04 of 3rd period - Nicolas Deslauriers is hit by Kevin Labanc and loses puck.
0:11 of 3rd period - Snap shot by Matthew Nieto.
0:11 of 3rd period - Stopped by Tristan Jarry with a rebound.
0:13 of 3rd period - Snap shot by Victor Rask.
0:13 of 3rd period - Goal by Victor Rask - Admirals : 1 - Heat : 6.
0:14 of 3rd period - Markus Granlund wins face-off versus Philip Varone in neutral zone.
0:35 of 3rd period - Minor Penalty to Frank Corrado for Diving.
0:36 of 3rd period - Philip Varone wins face-off versus Markus Granlund in Heat zone.
0:36 of 3rd period - Philip Varone is hit by Joel Armia.
0:48 of 3rd period - Trevor Carrick is hit by Joel Armia and loses puck.
2:27 of 3rd period - Travis Dermott is hit by Nico Sturm and loses puck.
2:35 of 3rd period - Penalty to Frank Corrado is over, Frank Corrado is back on ice.
2:40 of 3rd period - Wrist shot by Nico Sturm.
2:40 of 3rd period - Shot Blocked by T.J Brodie.
2:56 of 3rd period - Frank Corrado is hit by T.J Brodie and loses puck.
3:09 of 3rd period - Christian Djoos is hit by Trevor Carrick and loses puck.
3:16 of 3rd period - Evgeny Svechnikov is hit by Carl Dahlstrom.
3:44 of 3rd period - Icing by Brett Connolly.
3:45 of 3rd period - Philip Varone wins face-off versus Freddie Hamilton in Admirals zone.
3:56 of 3rd period - Slapshot by Matthew Nieto.
3:56 of 3rd period - Stopped by Tristan Jarry without a rebound.
3:57 of 3rd period - Markus Granlund wins face-off versus Philip Varone in Admirals zone.
3:57 of 3rd period - Markus Granlund is hit by Philip Varone.
4:19 of 3rd period - Minor Penalty to Kevin Labanc for Holding.
4:20 of 3rd period - Philip Varone wins face-off versus Markus Granlund in Heat zone.
5:53 of 3rd period - Anton Gustafsson is hit by Frank Corrado.
5:57 of 3rd period - Kasper Bjorkqvist is hit by Peter Cehlarik.
6:19 of 3rd period - Penalty to Kevin Labanc is over, Kevin Labanc is back on ice.
6:55 of 3rd period - Snap shot by Philip Varone.
6:55 of 3rd period - Deflect By Andreas Englund.
6:55 of 3rd period - Stopped by Tristan Jarry with a rebound.
6:57 of 3rd period - Slapshot by Trevor Carrick.
6:57 of 3rd period - Shot Blocked by Andreas Englund.
7:07 of 3rd period - Wrist shot by Jake DeBrusk.
7:07 of 3rd period - Shot Misses the Net.
7:09 of 3rd period - Wrist shot by Philip Varone.
7:09 of 3rd period - Deflect By Travis Dermott.
7:09 of 3rd period - Stopped by Tristan Jarry without a rebound.
7:10 of 3rd period - Ryan Spooner wins face-off versus Kasper Bjorkqvist in Admirals zone.
7:20 of 3rd period - Minor Penalty to Josh Morrissey for Cross-checking.
7:21 of 3rd period - Victor Rask wins face-off versus Markus Granlund in Admirals zone.
7:25 of 3rd period - Snap shot by Kevin Labanc.
7:25 of 3rd period - Shot Misses the Net.
7:37 of 3rd period - Snap shot by T.J Brodie.
7:37 of 3rd period - Stopped by Michael Hutchinson without a rebound.
7:38 of 3rd period - Markus Granlund wins face-off versus Victor Rask in Heat zone.
7:48 of 3rd period - Off-side.
7:49 of 3rd period - Victor Rask wins face-off versus Markus Granlund in neutral zone.
8:02 of 3rd period - Slapshot by Kevin Labanc.
8:02 of 3rd period - Shot Misses the Net.
9:20 of 3rd period - Penalty to Josh Morrissey is over, Josh Morrissey is back on ice.
9:49 of 3rd period - Wrist shot by Freddie Hamilton.
9:49 of 3rd period - Goal by Freddie Hamilton - Admirals : 2 - Heat : 6.
9:50 of 3rd period - Markus Granlund wins face-off versus Philip Varone in neutral zone.
10:27 of 3rd period - Minor Penalty to Mattias Backman for Goalie Interference.
10:28 of 3rd period - Markus Granlund wins face-off versus Victor Rask in Admirals zone.
11:06 of 3rd period - Snap shot by Philip Varone.
11:06 of 3rd period - Deflect By Evgeny Svechnikov.
11:06 of 3rd period - Stopped by Tristan Jarry without a rebound.
11:07 of 3rd period - Matthew Nieto wins face-off versus Lucas Wallmark in Admirals zone.
11:16 of 3rd period - Markus Granlund is hit by Dominik Masin.
12:27 of 3rd period - Penalty to Mattias Backman is over, Mattias Backman is back on ice.
12:31 of 3rd period - Wrist shot by Mattias Backman.
12:31 of 3rd period - Stopped by Michael Hutchinson without a rebound.
12:32 of 3rd period - Ryan Spooner wins face-off versus Freddie Hamilton in Heat zone.
12:32 of 3rd period - Ryan Spooner is hit by Freddie Hamilton.
12:42 of 3rd period - Snap shot by Peter Cehlarik.
12:42 of 3rd period - Shot Misses the Net.
12:44 of 3rd period - Snap shot by Peter Cehlarik.
12:44 of 3rd period - Stopped by Tristan Jarry without a rebound.
12:45 of 3rd period - Markus Granlund wins face-off versus Philip Varone in Admirals zone.
12:57 of 3rd period - Wrist shot by Kevin Labanc.
12:57 of 3rd period - Stopped by Tristan Jarry with a rebound.
12:59 of 3rd period - Snap shot by Kevin Labanc.
12:59 of 3rd period - Shot Blocked by T.J Brodie.
13:23 of 3rd period - Wrist shot by Anton Gustafsson.
13:23 of 3rd period - Shot Misses the Net.
13:42 of 3rd period - Minor Penalty to Peter Cehlarik for Tripping.
13:43 of 3rd period - Philip Varone wins face-off versus Markus Granlund in Heat zone.
13:56 of 3rd period - Slapshot by Travis Dermott.
13:56 of 3rd period - Stopped by Michael Hutchinson without a rebound.
13:57 of 3rd period - Markus Granlund wins face-off versus Philip Varone in Heat zone.
14:00 of 3rd period - Wrist shot by Nicolas Kerdiles.
14:00 of 3rd period - Stopped by Michael Hutchinson with a rebound.
14:02 of 3rd period - Slapshot by T.J Brodie.
14:02 of 3rd period - Stopped by Michael Hutchinson without a rebound.
14:03 of 3rd period - Philip Varone wins face-off versus Markus Granlund in Heat zone.
14:03 of 3rd period - Philip Varone is hit by Joel Armia.
14:15 of 3rd period - Philip Varone is hit by Nicolas Kerdiles and loses puck.
15:03 of 3rd period - Snap shot by Eric Karlsson.
15:03 of 3rd period - Shot Misses the Net.
15:05 of 3rd period - Slapshot by Eric Karlsson.
15:05 of 3rd period - Stopped by Tristan Jarry with a rebound.
15:42 of 3rd period - Penalty to Peter Cehlarik is over, Peter Cehlarik is back on ice.
15:53 of 3rd period - Icing by Ryan Spooner.
15:54 of 3rd period - Freddie Hamilton wins face-off versus Peter Cehlarik in Heat zone.
15:55 of 3rd period - Wrist shot by Brett Connolly.
15:55 of 3rd period - Stopped by Michael Hutchinson without a rebound.
15:56 of 3rd period - Ryan Spooner wins face-off versus Freddie Hamilton in Heat zone.
16:30 of 3rd period - Snap shot by Joel Armia.
16:30 of 3rd period - Stopped by Michael Hutchinson with a rebound.
16:46 of 3rd period - T.J Brodie is hit by Kevin Labanc and loses puck.
17:11 of 3rd period - Evgeny Svechnikov is hit by Lucas Wallmark and loses puck.
17:22 of 3rd period - Josh Morrissey is hit by Trevor Carrick and loses puck.
17:35 of 3rd period - Slapshot by Trevor Carrick.
17:35 of 3rd period - Deflect By T.J Brodie.
17:35 of 3rd period - Stopped by Tristan Jarry with a rebound.
17:45 of 3rd period - Slapshot by Josh Morrissey.
17:45 of 3rd period - Stopped by Michael Hutchinson without a rebound.
17:46 of 3rd period - Philip Varone wins face-off versus Markus Granlund in Heat zone.
18:29 of 3rd period - Minor Penalty to Blake Geoffrion for High sticking.
18:30 of 3rd period - Markus Granlund wins face-off versus Victor Rask in Admirals zone.
18:30 of 3rd period - Markus Granlund is hit by Frank Corrado.
19:39 of 3rd period - Kevin Labanc is hit by Lucas Wallmark and loses puck.
Goals for this period are 1 for Admirals vs 1 for Heat.
Shots for this period are 9 for Admirals vs 10 for Heat.